 Dungeon Crawl Stone Soup version 0.31.0-12-g77e489cdc1 (webtiles) character file.

Game seed: 15820749904862872684

88377 Doot the Covert (level 15, -13/88 HPs)
             Began as an Octopode Earth Elementalist on Feb 16, 2024.
             Was the Champion of Jiyva.
             Mangled by a sun demon (17 damage)
             ... summoned by an orc sorcerer
             ... led by an orc high priest
             ... on level 1 of the Orcish Mines on Feb 17, 2024.
             The game lasted 01:31:34 (15706 turns).

Doot the Covert (Octopode Earth Elementalist)      Turns: 15706, Time: 01:31:35

Health: -13/88     AC: 19    Str: 16    XL:     15   Next: 16%
Magic:  18/31      EV: 17    Int: 24    God:    Jiyva [******]
Gold:   867        SH:  7    Dex: 11    Spells: 6/38 levels left

rFire   . . .        b - +5 dagger
rCold   + . .        y - +0 kite shield
rNeg    . . .        (helmet restricted)
rPois   +            k - amulet of the Moon {Faith rPois Int+2}
rElec   .            m - +4 ring of protection
rCorr   +            O - ring of Traps {rCorr Str+3}
SInv    +            N - +4 ring of protection
Will    +....        Q - ring of wizardry
Stlth   ++++++       S - +4 ring of protection
HPRegen 1.94/turn    n - ring "Loimp" {EV+5 Str+3 SInv}
MPRegen 1.02/turn    (no ring)
                     (no ring)

%: faith, wizardry (x1)
@: very slightly contaminated
A: almost no armour, amphibious, 8 rings, camouflage 1, gelatinous body 1,
(nimble swimmer 1), tentacles, tentacle spike 2, iridescent scales 3, see
invisible, clumsy 1, cold resistance 1, poison resistance, acidic bite,
pseudopods 1, evolution 2, tendrils, jelly absorbing missiles, engulf
}: 1/15 runes: slimy
a: Renounce Religion, Oozemancy, Slimify


You were on level 1 of the Orcish Mines.
You worshipped Jiyva.
Jiyva was exalted by your worship.
You visited 5 branches of the dungeon, and saw 23 of its levels.
You also visited: Bailey.

You collected 965 gold pieces.
You spent 98 gold pieces at shops.

Inventory:

Hand Weapons
 a - the +2 quarterstaff of Wealth {speed, rPois Str+2 Int+3 Dex+3}
   (You found it in a bailey)

   Str+2:     It affects your strength (+2).
   Int+3:     It affects your intelligence (+3).
   Dex+3:     It affects your dexterity (+3).
   rPois:     It protects you from poison
 b - a +5 dagger (weapon)
 w - the +8 short sword "Piapt" {freeze, *Noise rF+ Will+ Stlth+}
   (You found it on level 11 of the Dungeon)

   rF+:       It protects you from fire.
   Will+:     It increases your willpower.
   *Noise:    It may make a loud noise when swung.
   Stlth+:    It makes you more stealthy.
 I - the +6 long sword "Eruxet" {freeze, rC+}
   (You found it on level 11 of the Dungeon)

   rC+:       It protects you from cold.
 P - a +3 vampiric rapier
 U - a +1 rapier of protection
Missiles
 c - 13 poisoned darts
 B - 3 curare-tipped darts
Armour
 y - a +0 kite shield (worn)
Magical Staves
 p - the staff of the Wilderness {rPois Will+ rCorr Necro Earth Alchemy}
   (You found it on level 5 of the Pits of Slime)

   [staff of alchemy]

   Base accuracy: +5 Base damage: 5 Base attack delay: 1.2 This weapon's minimum
   attack delay (0.6) is reached at skill level 12.
   rPois:     It protects you from poison Will+: It increases your willpower.
   rCorr:     It protects you from acid and corrosion.
   Necro:     It increases the power of your Necromancy spells.
   Earth:     It increases the power of your Earth spells.
   Alchemy:   It increases the power of your Alchemy spells.
   It falls into the 'Staves' category.
   It is a one-tentacled weapon.
Jewellery
 k - the amulet of the Moon (around mantle) {Faith rPois Int+2}
   (You found it on level 5 of the Pits of Slime)

   [amulet of faith]

   Faith:     It allows you to gain divine favour quickly.
   Int+2:     It affects your intelligence (+2).
   rPois:     It protects you from poison
 m - a +4 ring of protection (left tentacle)
 n - the ring "Loimp" (on tentacle) {EV+5 Str+3 SInv}
   (You found it on level 5 of the Pits of Slime)

   [ring of evasion]

   EV+5:      It affects your evasion (+5).
   Str+3:     It affects your strength (+3).
   SInv:      It lets you see invisible.
 N - a +4 ring of protection (on tentacle)
 O - the ring of Traps (right tentacle) {rCorr Str+3}
   (You took it off an orc warrior on level 9 of the Dungeon)

   [ring of resist corrosion]

   Str+3:     It affects your strength (+3).
   rCorr:     It protects you from acid and corrosion.
 Q - a ring of wizardry (on tentacle)
 S - a +4 ring of protection (on tentacle)
Talismans
 f - a serpent talisman
 C - a maw talisman
Wands
 r - a wand of charming (16)
 t - a wand of iceblast (26)
 T - a wand of flame (8)
Scrolls
 d - 2 scrolls of brand weapon {unknown}
 e - 2 scrolls of noise
 g - 2 scrolls of blinking
 h - 5 scrolls of amnesia
 i - 3 scrolls of enchant armour
 j - 4 scrolls of vulnerability
 q - 3 scrolls of teleportation
 s - 3 scrolls of revelation
 v - a scroll of identify
 x - 5 scrolls of immolation
 D - a scroll of torment {unknown}
 F - 3 scrolls of fog
 J - 2 scrolls of silence {unknown}
 V - a scroll of enchant weapon {unknown}
 X - 2 scrolls of poison {unknown}
 Z - a scroll of fear {unknown}
Potions
 l - 2 potions of invisibility
 o - 4 potions of curing
 u - a potion of lignification {unknown}
 z - 3 potions of heal wounds
 A - 3 potions of might
 E - 3 potions of mutation
 G - 2 potions of magic
 H - 2 potions of brilliance
 K - 2 potions of attraction {unknown}
 R - a potion of berserk rage {unknown}
 W - a potion of cancellation {unknown}
Miscellaneous
 L - a lightning rod (4/4)
 M - a phantom mirror
 Y - a condenser vane


   Skills:
 + Level 3.1 Fighting
 + Level 5.0 Short Blades
 + Level 1.9 Staves
 + Level 4.9 Dodging
 + Level 14.1 Stealth
 * Level 1.4 Shields
 * Level 12.4 Spellcasting
 + Level 4.3 Conjurations
 * Level 7.5 Fire Magic
 * Level 1.2 Ice Magic
 + Level 3.0 Air Magic
 + Level 10.8 Earth Magic
 + Level 11.0 Alchemy
 * Level 10.0 Evocations


You had 6 spell levels left.
You knew the following spells:

 Your Spells              Type           Power      Damage    Failure   Level
a - Sandblast             Erth           100%       2d20      1%          1
b - Stone Arrow           Conj/Erth      100%       3d13      1%          3
c - Petrify               Alch/Erth      61%        N/A       1%          4
d - Mephitic Cloud        Conj/Alch/Air  44%        N/A       1%          3
e - Passwall              Erth           61%        N/A       1%          3
f - Ignite Poison         Fire/Alch      56%        N/A       1%          4
g - Polar Vortex          Ice            10%        12d1*     100%        9
h - Irradiate             Conj/Alch      25%        3d20      6%          5

Your spell library contained the following spells:

 Spells                   Type           Power      Damage    Failure   Level
 Mercury Vapours          Alch/Air       96%        N/A       1%          2
 Sticky Flame             Fire/Alch      56%        2d10      1%          4
 Brom's Barrelling Bould  Conj/Erth      50%        2d7       2%          4
 Inner Flame              Hex/Fire       33%        N/A       3%          3
 Hailstorm                Conj/Ice       28%        3d8       4%          3
 Ozocubu's Armour         Ice            21%        N/A       10%         3
 Summon Lightning Spire   Summ/Air       22%        N/A       26%         4
 Freezing Cloud           Conj/Ice/Air   14%        6-21      38%         5
 Sculpt Simulacrum        Ice/Alch       22%        N/A       52%         6
 Metabolic Englaciation   Hex/Ice        9%         N/A       69%         5
 Summon Forest            Summ/Tloc      7%         N/A       78%         5
 Summon Mana Viper        Hex/Summ       14%        N/A       78%         5
 Summon Cactus Giant      Summ           7%         N/A       100%        6
 Summon Hydra             Summ           7%         N/A       100%        7
 Ignition                 Fire           25%        3d8       100%        8


Dungeon Overview and Level Annotations

Branches:
Dungeon (11/15)            Temple (1/1) D:7            Lair (5/5) D:9
  Swamp (0/4) Lair:3       Spider (0/4) Lair:3        Slime (5/5) Lair:5
    Orc (1/2) D:11         Bailey (visited)

Altars:
Ashenzari
Cheibriados
Dithmenos
Elyvilon
Fedhas
Gozag
Hepliaklqana
Kikubaaqudgha
Makhleb
Nemelex Xobeh
Okawaru
Qazlal
Ru
Sif Muna
Trog
Uskayaw
Vehumet
Wu Jian
Xom
Yredelemnul
Zin
The Shining One
Jiyva

Shops:
D:3 (:=((?

Annotations:
D:3 3 runed translucent doors, lasso's ghost, novice OpSh
D:4 1 runed translucent door, Quickbrownfox's ghost, amateur OpSh
Slime:5 Royal Jelly


Innate Abilities, Weirdness & Mutations

You cannot wear most types of armour.
You are amphibious.
You can wear up to eight rings at the same time.
Your skin changes colour to match your surroundings (Stealth+).
Your rubbery body absorbs attacks. (AC +1, EV +1)
((You are camouflaged when in or above water. (Stealth+)))
You have tentacles for arms and can constrict up to eight enemies at once.
One of your tentacles bears a nasty spike.
You are completely covered in iridescent scales. (AC +6)
You have supernaturally acute eyesight. (SInv)
You are clumsy. (Dex -2)
Your flesh is cold resistant. (rC+)
Your system is resistant to poisons. (rPois)
You have acidic saliva.
Armour fits poorly on your pseudopods.
You have great hidden genetic potential.
You are covered in slimy tendrils that may disarm your opponents.
You have a small jelly attached to you that may absorb projectiles.
Your melee attacks may engulf your foes in ooze.


Message History

Unknown command.
Unknown command.
The ogre is engulfed in noxious fumes.
The ogre appears confused.
The ogre barely misses the sun demon.
The orc sorcerer mumbles some strange words.
Unknown command.
Unknown command.
Casting: Mephitic Cloud (safe; 1% risk of failure)
Confirm with . or Enter, or press ? or * to list all spells.
You erupt in a fountain of uncontrolled magic!
The orange demon is blasted with magical radiation!!
The orange demon is severely wounded.
The sun demon is blasted with magical radiation!
The sun demon is moderately wounded.
You are very lightly contaminated with residual magic.
The sun demon misses you.
The ogre is engulfed in noxious fumes.
The ogre appears confused.
The ogre cries.
You block the orange demon's attack.
The orange demon hits you but does no damage.
Unknown command.
Casting: Irradiate (dangerous; 6% risk of failure)
Confirm with . or Enter, or press ? or * to list all spells.
You miscast Irradiate.
Energy rips through your body!
The sun demon hits you but does no damage.
The ogre is engulfed in noxious fumes.
The ogre appears confused.
The sun demon hits you.
You are engulfed in flames!!
* * * LOW HITPOINT WARNING * * *
You block the orange demon's attack.
The orange demon hits you but does no damage.
Unknown command.
Okay, then.
Unknown command.
Casting: Irradiate (dangerous; 6% risk of failure)
Confirm with . or Enter, or press ? or * to list all spells.
You ignite the poison in your surroundings!
The ogre is engulfed in blazing flames.
The sun demon hits you!!
* * * LOW HITPOINT WARNING * * *
You are engulfed in flames!
You die...

##........#.....
##.#...°..)......
.........<.#
.$.......)##
#.........##
......☼§...#
......§O[.##
^..##..o34# ..
##.#@## # #####


You could see a sun demon (summoned), an orange demon (summoned), an orc
sorcerer and an ogre (confused).

Vanquished Creatures
  An eleionoma (Lair:3)
  5 hydras
  An ice dragon (Lair:5)
  An anaconda (Lair:5)
  A centaur warrior (D:9)
  A boulder beetle (D:11)
  3 two-headed ogres (D:11)
  2 death yaks (Lair:2)
  An orc high priest (Orc:1)
  A hell hog (Lair:5)
  A skyshark (Lair:3)
  A fire crab (Lair:5)
  A swamp dragon (Lair:5)
  3 orc knights
  2 ugly things
  A lindwurm (Lair:3)
  An orc sorcerer (D:11)
  A cyclops (D:11)
  36 elephants
  Joseph (D:10)
  4 black mambas
  A torpor snail (Lair:5)
  12 cane toads
  Maggie (D:6)
  3 rime drakes (Lair:5)
  3 kobold demonologists (D:11)
  10 komodo dragons
  An unseen horror (D:11)
  3 trolls
  9 polar bears
  A hornet (Lair:5)
  14 blink frogs
  2 raiju (Lair:5)
  A dream sheep (Lair:5)
  A vampire (D:9)
  4 wyverns
  3 basilisks
  36 yaks
  3 steam dragons
  5 wargs
  3 redbacks (Lair:3)
  A vampire mosquito (D:9)
  11 water moccasins
  4 acid dragons
  15 hell hounds (Lair:5)
  A swamp drake (Lair:5)
  13 black bears
  2 ice beasts (D:7)
  18 orc warriors
  20 wolves
  3 ogres
  5 centaurs
  A phantom (D:5)
  Blork the orc (D:4)
  8 bullfrogs
  5 kobold brigands
  A gnoll sergeant (D:11)
  4 scorpions
  9 wights
  6 killer bees (D:8)
  6 howler monkeys
  4 electric eels
  4 jellies
  5 orc priests
  Crazy Yiuf (D:5)
  A hound (D:6)
  3 sleepcaps
  2 gnoll boudas
  11 hell rats
  6 iguanas
  5 orc wizards
  13 gnolls
  An adder (D:6)
  2 ufetubi (D:5)
  3 ribbon worms
  3 dart slugs
  34 orcs
  7 ball pythons
  3 bats
  An endoplasm (D:1)
  7 giant cockroaches
  13 goblins
  10 hobgoblins
  2 jackals (D:3)
  10 kobolds
  A quokka (D:1)
  4 frilled lizards
  7 rats
482 creatures vanquished.

Vanquished Creatures (collateral kills)
  A two-headed ogre (D:9)
  A death yak (Lair:5)
  A deep elf zephyrmancer (Bailey)
  A manticore (Lair:5)
  A cyclops (D:9)
  A komodo dragon (Lair:1)
  A shadow (D:9)
  A vampire (D:9)
  A wyvern (Lair:5)
  5 yaks (D:5)
  A warg (Lair:5)
  A steam dragon (Lair:5)
  An orc warrior (Bailey)
  An ogre (D:5)
  A bullfrog (D:9)
  A wight (D:8)
  A hound (D:6)
  An orc wizard (D:6)
  Ijyb (D:5)
  An orc (Bailey)
24 creatures vanquished.

Vanquished Creatures (others)
  An acid blob (Lair:2)
  An elephant (Lair:2)
  2 slime creatures
  A yak (D:9)
  A wraith (D:5)
  A water moccasin (Lair:5)
  An ice beast (D:7)
  2 black bears (Lair:5)
  A wolf (Lair:5)
  A centaur (D:9)
  A kobold brigand (D:7)
  2 scorpions
  A wight (D:8)
  A howler monkey (D:4)
  49 jellies
  3 orc priests
  An orc wizard (D:4)
  2 gnolls
  5 adders
  11 orcs
  2 endoplasms
  A giant cockroach (D:2)
  3 hobgoblins
  A goblin (D:1)
  4 kobolds
99 creatures vanquished.

Grand Total: 605 creatures vanquished

Notes
Turn   | Place    | Note
-------+----------+-------------------------------------------
     0 | D:1      | Doot the Octopode Earth Elementalist began the quest for
                  | the Orb.
     0 | D:1      | Reached XP level 1. HP: 11/11 MP: 3/3
   145 | D:1      | Reached XP level 2. HP: 9/17 MP: 0/5
   477 | D:2      | Found a faded altar of an unknown god.
   526 | D:2      | Prayed at the altar of an unknown god.
   526 | D:2      | Became a worshipper of Jiyva Jadieg the Shapeless
   526 | D:2      | Reached * piety under Jiyva
   605 | D:2      | Reached XP level 3. HP: 21/21 MP: 4/6
  1061 | D:1      | Learned a level 3 spell: Stone Arrow
  1165 | D:2      | Reached ** piety under Jiyva
  1480 | D:2      | Reached skill level 3 in Stealth
  1776 | D:2      | Reached *** piety under Jiyva
  1953 | D:3      | Found Tiopir's Jewellery Shoppe.
  1964 | D:3      | Gained mutation: Armour fits poorly on your pseudopods.
                  | [Jiyva's grace]
  1964 | D:3      | Gained mutation: Armour fits poorly on your large
                  | pseudopods. [Jiyva's grace]
  1964 | D:3      | Gained mutation: Armour fits poorly on your massive
                  | pseudopods. [Jiyva's grace]
  1964 | D:3      | Gained mutation: You are strong-willed. (Will+) [Jiyva's
                  | grace]
  1970 | D:3      | Found Deegg's Weapon Shoppe.
  2014 | D:3      | Reached XP level 4. HP: 27/27 MP: 7/7
  2043 | D:3      | Found Feuru's Antique Weapon Shop.
  2094 | D:3      | Found a runed translucent gate.
  2094 | D:3      | Found a runed translucent gate.
  2096 | D:3      | Found Notoicest's Antique Weapon Boutique.
  2097 | D:3      | Found Mossyss's Vocational Training.
  2113 | D:3      | Found a runed translucent gate.
  2150 | D:3      | Noticed lasso's ghost (novice OpSh)
  2551 | D:3      | Found Tehefid's Magic Scroll Emporium.
  2556 | D:3      | Bought a scroll of teleportation for 42 gold pieces
  2556 | D:3      | Bought a scroll of amnesia for 56 gold pieces
  2661 | D:4      | Reached **** piety under Jiyva
  2692 | D:4      | Noticed Blork the orc
  2701 | D:4      | Killed a scorpion
  2704 | D:4      | Killed Blork the orc
  2705 | D:4      | Reached XP level 5. HP: 31/31 MP: 7/9
  2852 | D:4      | Found a hide-covered altar of Uskayaw.
  2982 | D:4      | Found an ornate altar of the Wu Jian Council.
  3042 | D:4      | Found a runed translucent door.
  3043 | D:4      | Noticed Quickbrownfox's ghost (amateur OpSh)
  3292 | D:3      | Learned a level 4 spell: Petrify
  3315 | D:5      | Entered Level 5 of the Dungeon
  3382 | D:5      | Noticed a phantom
  3389 | D:5      | Killed a phantom
  3390 | D:5      | Reached skill level 4 in Stealth
  3390 | D:5      | Reached skill level 5 in Earth Magic
  3390 | D:5      | Reached XP level 6. HP: 28/36 MP: 9/11
  3420 | D:5      | Noticed a yak
  3420 | D:5      | Noticed a yak
  3426 | D:5      | Noticed a yak
  3500 | D:5      | Reached ***** piety under Jiyva
  3504 | D:5      | Noticed a yak
  3540 | D:5      | Reached skill level 1 in Alchemy
  3579 | D:5      | Killed a wraith
  3700 | D:5      | Lost mutation: Armour fits poorly on your massive
                  | pseudopods. [Jiyva's grace]
  3700 | D:5      | Gained mutation: Your body has grown eyes which may confuse
                  | attackers. (Acc +3) [Jiyva's grace]
  3700 | D:5      | Gained mutation: Your body has grown many eyes which may
                  | confuse attackers. (Acc +5) [Jiyva's grace]
  3700 | D:5      | Gained mutation: Your body is covered in eyes which may
                  | confuse attackers. (Acc +7, SInv) [Jiyva's grace]
  3700 | D:5      | Gained mutation: You passively dampen the noise of your
                  | surroundings. [Jiyva's grace]
  3720 | D:5      | Noticed Ijyb
  3726 | D:5      | Killed Ijyb
  3863 | D:5      | Noticed a yak
  3913 | D:5      | Reached skill level 1 in Short Blades
  3913 | D:5      | Reached XP level 7. HP: 28/41 MP: 8/13
  3924 | D:5      | Killed a yak
  3925 | D:5      | Killed a yak
  3926 | D:5      | Reached skill level 5 in Stealth
  3926 | D:5      | Killed a yak
  3926 | D:5      | Killed a yak
  3927 | D:5      | Reached skill level 5 in Spellcasting
  3927 | D:5      | Reached XP level 8. HP: 46/46 MP: 13/15
  3927 | D:5      | Killed a yak
  4319 | D:5      | Found a runed translucent door.
  4320 | D:5      | Noticed Crazy Yiuf
  4321 | D:5      | Identified the +6 hammer of a Gauntlet {venom, Fly rPois
                  | Dex-5}
  4331 | D:5      | Killed Crazy Yiuf
  4495 | D:6      | Reached skill level 6 in Stealth
  4572 | D:6      | Identified the +8 falchion of Henwoa {freeze, Will+}
  4630 | D:6      | Reached ****** piety under Jiyva
  4946 | D:6      | Noticed Maggie
  4957 | D:6      | Killed Maggie
  4958 | D:6      | Reached XP level 9. HP: 52/52 MP: 15/18
  5173 | D:6      | Learned a level 3 spell: Mephitic Cloud
  5177 | D:6      | Learned a level 3 spell: Passwall
  5215 | D:7      | Lost mutation: Your body is covered in eyes which may
                  | confuse attackers. (Acc +7, SInv) [Jiyva's grace]
  5215 | D:7      | Lost mutation: Armour fits poorly on your large pseudopods.
                  | [Jiyva's grace]
  5215 | D:7      | Gained mutation: Armour fits poorly on your large
                  | pseudopods. [Jiyva's grace]
  5215 | D:7      | Gained mutation: Armour fits poorly on your massive
                  | pseudopods. [Jiyva's grace]
  5215 | D:7      | Gained mutation: You are partially covered in iridescent
                  | scales. (AC +2) [Jiyva's grace]
  5215 | D:7      | Gained mutation: You are mostly covered in iridescent
                  | scales. (AC +4) [Jiyva's grace]
  5312 | D:7      | Found a staircase to the Ecumenical Temple.
  5497 | D:7      | Reached skill level 7 in Stealth
  5561 | D:7      | Reached skill level 5 in Alchemy
  5792 | Temple   | Entered the Ecumenical Temple
  5864 | D:7      | Found a white marble altar of Elyvilon.
  5865 | D:7      | Found an iron altar of Okawaru.
  5971 | D:8      | Found a flagged portal.
  5992 | Bailey   | Entered a bailey
  6059 | Bailey   | Found a large runed translucent door.
  6059 | Bailey   | Found a large runed translucent door.
  6061 | Bailey   | Noticed a deep elf zephyrmancer
  6062 | Bailey   | Noticed an orc knight
  6087 | Bailey   | Reached skill level 1 in Air Magic
  6087 | Bailey   | Reached skill level 1 in Evocations
  6087 | Bailey   | Reached XP level 10. HP: 57/57 MP: 21/21
  6091 | Bailey   | Killed an orc knight
  6092 | Bailey   | Reached skill level 8 in Stealth
  6174 | Bailey   | Killed a deep elf zephyrmancer
  6184 | Bailey   | Identified the +2 quarterstaff of Wealth {speed, rPois
                  | Str+2 Int+3 Dex+3}
  6197 | Bailey   | Identified the +2 pair of gloves of Hangman {rPois rCorr
                  | Stlth+}
  6822 | D:8      | Reached skill level 1 in Fighting
  6855 | D:9      | Found a staircase to the Lair.
  6915 | D:9      | Reached skill level 9 in Stealth
  6977 | D:9      | Noticed a four-headed hydra
  6998 | D:9      | Reached skill level 1 in Staves
  7027 | D:9      | Reached XP level 11. HP: 63/63 MP: 23/23
  7033 | D:9      | Noticed a centaur warrior
  7034 | D:9      | Noticed a two-headed ogre
  7049 | D:9      | Killed a centaur warrior
  7111 | D:9      | Reached skill level 10 in Stealth
  7145 | D:9      | Noticed a cyclops
  7186 | D:9      | Killed a cyclops
  7197 | D:9      | Killed a two-headed ogre
  7198 | D:9      | Reached skill level 5 in Evocations
  7300 | D:9      | Identified the ring of Traps {rCorr Str+3}
  7337 | D:9      | Killed a four-headed hydra
  7372 | D:9      | Lost mutation: You are mostly covered in iridescent scales.
                  | (AC +4) [Jiyva's grace]
  7372 | D:9      | Lost mutation: Your body has grown many eyes which may
                  | confuse attackers. (Acc +5) [Jiyva's grace]
  7372 | D:9      | Lost mutation: Armour fits poorly on your massive
                  | pseudopods. [Jiyva's grace]
  7372 | D:9      | Gained mutation: One of your tentacles bears a spike.
                  | [Jiyva's grace]
  7372 | D:9      | Gained mutation: One of your tentacles bears a nasty spike.
                  | [Jiyva's grace]
  7372 | D:9      | Gained mutation: One of your tentacles bears a large
                  | vicious spike. [Jiyva's grace]
  7372 | D:9      | Gained mutation: Your mind is acute. (Int +4, Str/Dex -1)
                  | [Jiyva's grace]
  7488 | D:9      | Found a shimmering blue altar of Sif Muna.
  7550 | D:9      | Reached skill level 11 in Stealth
  7778 | D:9      | Noticed a red ugly thing
  7791 | D:9      | Killed a red ugly thing
  7908 | Lair:1   | Entered Level 1 of the Lair of Beasts
  8011 | Lair:1   | Learned a level 4 spell: Ignite Poison
  8074 | Lair:1   | Reached XP level 12. HP: 65/70 MP: 15/25
  8080 | Lair:1   | Reached skill level 12 in Stealth
  8848 | Lair:2   | Noticed a five-headed hydra
  8999 | Lair:2   | Killed a five-headed hydra
  9004 | Lair:2   | Noticed a six-headed hydra
  9020 | Lair:2   | Killed a six-headed hydra
  9021 | Lair:2   | Reached skill level 1 in Fire Magic
  9082 | Lair:2   | Noticed an eight-headed hydra
  9103 | Lair:2   | Slimified an eight-headed hydra
  9103 | Lair:2   | an eight-headed hydra changed into an acid blob
  9103 | Lair:2   | Noticed an acid blob
  9187 | Lair:2   | Found a shimmering altar of Xom.
  9245 | Lair:2   | Lost mutation: One of your tentacles bears a large vicious
                  | spike. [Jiyva's grace]
  9245 | Lair:2   | Lost mutation: Armour fits poorly on your large pseudopods.
                  | [Jiyva's grace]
  9245 | Lair:2   | Gained mutation: You are somewhat resistant to further
                  | mutation. [Jiyva's grace]
  9245 | Lair:2   | Gained mutation: You are somewhat resistant to both further
                  | mutation and mutation removal. [Jiyva's grace]
  9245 | Lair:2   | Gained mutation: You are almost entirely resistant to
                  | further mutation and mutation removal. [Jiyva's grace]
  9245 | Lair:2   | Gained mutation: You have a small jelly attached to you
                  | that may absorb projectiles. [Jiyva's grace]
  9278 | Lair:2   | Noticed a death yak
  9278 | Lair:2   | Noticed a death yak
  9281 | Lair:2   | Noticed a death yak
  9310 | Lair:2   | Killed a death yak
  9424 | Lair:2   | Killed an acid blob
  9508 | Lair:2   | Killed a death yak
  9513 | Lair:2   | Slimified a death yak
  9513 | Lair:2   | a death yak changed into an acid blob
  9513 | Lair:2   | Noticed an acid blob
 10017 | Lair:3   | Noticed a skyshark
 10025 | Lair:3   | Killed a skyshark
 10026 | Lair:3   | Reached skill level 13 in Stealth
 10026 | Lair:3   | Reached XP level 13. HP: 76/76 MP: 17/26
 10165 | Lair:3   | Reached skill level 10 in Alchemy
 10199 | Lair:3   | Found a staircase to the Swamp.
 10199 | Lair:3   | Noticed an eleionoma
 10204 | Lair:3   | Killed an eleionoma
 10300 | Lair:3   | Found a hole to the Spider Nest.
 10422 | Lair:3   | Reached skill level 10 in Spellcasting
 10907 | Lair:4   | Lost mutation: Your mind is acute. (Int +4, Str/Dex -1)
                  | [Jiyva's grace]
 10907 | Lair:4   | Lost mutation: You are strong-willed. (Will+) [Jiyva's
                  | grace]
 10907 | Lair:4   | Lost mutation: You are almost entirely resistant to further
                  | mutation and mutation removal. [Jiyva's grace]
 10907 | Lair:4   | Lost mutation: Your body has grown eyes which may confuse
                  | attackers. (Acc +3) [Jiyva's grace]
 10907 | Lair:4   | Lost mutation: You have a small jelly attached to you that
                  | may absorb projectiles. [Jiyva's grace]
 10907 | Lair:4   | Gained mutation: You have acidic saliva. [Jiyva's grace]
 10907 | Lair:4   | Gained mutation: You have a small jelly attached to you
                  | that may absorb projectiles. [Jiyva's grace]
 10907 | Lair:4   | Gained mutation: You are mostly covered in iridescent
                  | scales. (AC +4) [Jiyva's grace]
 10907 | Lair:4   | Gained mutation: You are completely covered in iridescent
                  | scales. (AC +6) [Jiyva's grace]
 10985 | Lair:4   | Reached skill level 5 in Fire Magic
 11073 | Lair:4   | Reached skill level 10 in Earth Magic
 11598 | Lair:5   | Entered Level 5 of the Lair of Beasts
 11624 | Lair:5   | Found a snail-covered altar of Cheibriados.
 11695 | Lair:5   | Found a runed translucent door.
 11696 | Lair:5   | Found a viscous altar of Jiyva.
 11696 | Lair:5   | Found a staircase to the Slime Pits.
 11696 | Lair:5   | Noticed an acid blob
 11830 | Lair:5   | Reached XP level 14. HP: 81/81 MP: 15/28
 11890 | Lair:5   | Lost mutation: You are completely covered in iridescent
                  | scales. (AC +6) [Jiyva's grace]
 11890 | Lair:5   | Lost mutation: Armour fits poorly on your pseudopods.
                  | [Jiyva's grace]
 11890 | Lair:5   | Gained mutation: Your flesh is cold resistant. (rC+)
                  | [Jiyva's grace]
 11890 | Lair:5   | Gained mutation: Your flesh is very cold resistant. (rC++)
                  | [Jiyva's grace]
 11890 | Lair:5   | Gained mutation: Your flesh is almost immune to the effects
                  | of cold. (rC+++) [Jiyva's grace]
 11890 | Lair:5   | Gained mutation: You are covered in slimy tendrils that may
                  | disarm your opponents. [Jiyva's grace]
 13297 | Slime:1  | Entered Level 1 of the Pits of Slime
 13304 | Slime:2  | Noticed an acid blob
 13317 | Slime:4  | Noticed an acid blob
 13320 | Slime:5  | Entered Level 5 of the Pits of Slime
 13322 | Slime:5  | Noticed an azure jelly
 13330 | Slime:5  | Noticed a rockslime
 13332 | Slime:5  | Noticed an acid blob
 13342 | Slime:5  | Found a viscous altar of Jiyva.
 13343 | Slime:5  | Noticed an acid blob
 13344 | Slime:5  | Noticed an acid blob
 13345 | Slime:5  | Noticed an acid blob
 13346 | Slime:5  | Noticed an acid blob
 13347 | Slime:5  | Noticed an acid blob
 13347 | Slime:5  | Noticed the Royal Jelly
 13348 | Slime:5  | Noticed an azure jelly
 13352 | Slime:5  | Noticed an acid blob
 13353 | Slime:5  | Noticed an acid blob
 13356 | Slime:5  | Noticed an acid blob
 13356 | Slime:5  | Found the +12 glaive of Prune {freeze, Prune}
 13363 | Slime:5  | Got the Papyrus of the Tundra
 13366 | Slime:5  | Got a starry gem with 533 turns to spare
 13367 | Slime:5  | Identified the +4 spear "Ehiory" {holy, rCorr}
 13368 | Slime:5  | Identified the amulet of the Moon {Faith rPois Int+2}
 13371 | Slime:5  | Got a slimy rune of Zot
 13394 | Slime:5  | Got Tenan's Incunabulum of Companions
 13396 | Slime:5  | Identified the ring "Loimp" {EV+5 Str+3 SInv}
 13419 | Slime:5  | Identified the +11 glaive of Theory {spect, rElec Str-4
                  | Stlth+}
 13420 | Slime:5  | Identified the staff of the Wilderness {rPois Will+ rCorr
                  | Necro Earth Alchemy}
 13460 | Slime:5  | Learned a level 9 spell: Polar Vortex
 13500 | Slime:5  | Noticed a formless jellyfish
 13500 | Slime:5  | Noticed a formless jellyfish
 13501 | Slime:5  | Noticed an acid blob
 13504 | Slime:5  | Noticed a formless jellyfish
 13563 | Slime:5  | Noticed a rockslime
 13583 | Slime:5  | Noticed a rockslime
 13601 | Slime:5  | Noticed an acid blob
 13623 | Slime:5  | Noticed an acid blob
 13902 | D:10     | Entered Level 10 of the Dungeon
 14082 | D:10     | Found a broken altar of Ashenzari.
 14167 | D:10     | Lost mutation: Your flesh is almost immune to the effects
                  | of cold. (rC+++) [Jiyva's grace]
 14167 | D:10     | Lost mutation: You are somewhat resistant to both further
                  | mutation and mutation removal. [Jiyva's grace]
 14167 | D:10     | Lost mutation: You are somewhat resistant to further
                  | mutation. [Jiyva's grace]
 14167 | D:10     | Gained mutation: You have hidden genetic potential.
                  | [Jiyva's grace]
 14167 | D:10     | Gained mutation: You have great hidden genetic potential.
                  | [Jiyva's grace]
 14167 | D:10     | Gained mutation: One of your tentacles bears a large
                  | vicious spike. [Jiyva's grace]
 14167 | D:10     | Gained mutation: You are completely covered in iridescent
                  | scales. (AC +6) [Jiyva's grace]
 14446 | D:10     | Noticed Joseph
 14470 | D:10     | Killed Joseph
 14643 | D:10     | Learned a level 5 spell: Irradiate
 14674 | D:11     | Identified the +8 short sword "Piapt" {freeze, *Noise rF+
                  | Will+ Stlth+}
 14835 | D:11     | Found a staircase to the Orcish Mines.
 15026 | D:11     | Reached skill level 14 in Stealth
 15041 | D:11     | Reached XP level 15. HP: 88/88 MP: 31/31
 15056 | D:11     | Identified the +6 long sword "Eruxet" {freeze, rC+}
 15158 | D:11     | Lost mutation: One of your tentacles bears a large vicious
                  | spike. [Jiyva's grace]
 15158 | D:11     | Lost mutation: Your flesh is very cold resistant. (rC++)
                  | [Jiyva's grace]
 15158 | D:11     | Lost mutation: You passively dampen the noise of your
                  | surroundings. [Jiyva's grace]
 15158 | D:11     | Gained mutation: Your melee attacks may engulf your foes in
                  | ooze. [Jiyva's grace]
 15158 | D:11     | Gained mutation: Your system is resistant to poisons.
                  | (rPois) [Jiyva's grace]
 15158 | D:11     | Gained mutation: You have supernaturally acute eyesight.
                  | (SInv) [Jiyva's grace]
 15158 | D:11     | Gained mutation: Armour fits poorly on your pseudopods.
                  | [Jiyva's grace]
 15346 | D:11     | Found a shimmering blue altar of Sif Muna.
 15568 | Orc:1    | Entered Level 1 of the Orcish Mines
 15569 | Orc:1    | Paralysed by an orc sorcerer for 2 turns
 15574 | Orc:1    | Reached skill level 1 in Ice Magic
 15581 | D:11     | Reached skill level 1 in Shields
 15610 | D:11     | Reached skill level 10 in Evocations
 15619 | D:11     | Identified the +3 ring mail "Jiyceet" {+Inv Will+ Dex+2}
 15692 | Orc:1    | Gained mutation: You are clumsy. (Dex -2) [a neqoxec]
 15695 | Orc:1    | Reached skill level 5 in Short Blades
 15706 | Orc:1    | HP: 4/88 [sun demon[an orc high priest] (21)]
 15706 | Orc:1    | Mangled by a sun demon

Illustrated notes

Levels and vault maps discovered:
D:1:      erik_arrival_cave_to_civilisation [erik_arrival_cave_to_hall],
          layout_basic
D:2:      minmay_door_path, layout_loops_corners,
          chequers_ecumenical_altar_grove
D:3:      layout_loops_ring, gammafunk_ghost_icy, serial_shops,
          nicolae_shop_scrapyard, nicolae_shop_tiny_real_fake_doors, shop,
          nicolae_shop_trees, nicolae_lakefront_shop, nicolae_shop_vocational
D:4:      layout_basic, nzn_wu_jian_council_hall, mainiacjoe_overflow_chevrons,
          gammafunk_ghost_grave, uniq_blork_the_orc
D:5:      layout_gridville, uniq_crazy_yiuf_cottage, uniq_ijyb
D:6:      layout_gridville, uniq_maggie
D:7:      layout_loops_ring, gammafunk_temple_overflow_statue,
          minmay_temple_entry_waves, minmay_circle_x
D:8:      layout_basic, enter_bailey_5
D:9:      minmay_the_grid_octo_2x2 [minmay_the_grid_octo_clover,
          minmay_the_grid_octo_toaster, minmay_the_grid_octo_horde,
          minmay_the_grid_octo_prize_ultimate_mussel_roller], layout_loops_ring,
          lemuel_round_altar, david_lair_shrubbed
D:10:     layout_basic, cheibrodos_ashenzari_chains, uniq_joseph
D:11:     layout_stronghold, david_orc_3, lemuel_blue_sif_altar
Temple:   nicolae_temple_slightly_damp_pantheon
Lair:1:   layout_gridlike, serial_bayou_shore_b, grunt_megastairs_4
Lair:2:   layout_regular_city, basic_altar, grunt_megastairs_2
Lair:3:   layout_regular_city, alex1729_swamp_entry_worm_eleionoma,
          spider_nest_entry_webs, serial_bayou_shore_a
Lair:4:   layout_big_grid
Lair:5:   guppyfry_lair_end_dragon, layout_gridlike,
          hangedman_lair_caniforms_friends, slime_entry_2, basic_altar,
          nicolae_lair_lakeside_cave, serial_bayou_shore_b
Slime:1:  nicolae_slime_pool, layout_caves
Slime:2:  layout_caves, nicolae_slime_barrier
Slime:3:  layout_caves
Slime:4:  layout_caves
Slime:5:  slime_pit_nicolae_trefoil
Orc:1:    layout_caves

Skill      XL: |  1  2  3  4  5  6  7  8  9 10 11 12 13 14 15 |
---------------+----------------------------------------------+-----
Earth Magic    | 4 5 6 7 8 9 10 | 10.8
Stealth        | 3 4 5 6 7 9 11 13 14 | 14.1
Spellcasting   | 3 4 5 6 7 8 9 10 12 | 12.4
Alchemy        | 2 3 4 5 6 8 9 10 11 | 11.0
Short Blades   | 1 2 3 4 5 |  5.0
Air Magic      | 1 2 3 |  3.0
Evocations     | 1 4 6 7 8 9 10 | 10.0
Fighting       | 1 2 3 |  3.1
Staves         | 1 |  1.9
Dodging        | 3 4 |  4.9
Conjurations   | 2 3 4 |  4.3
Fire Magic     | 3 5 7 |  7.5
Ice Magic      | 1 |  1.2
Shields        | 1 |  1.4

Action                     |  1- 3 |  4- 6 |  7- 9 | 10-12 | 13-15 || total
---------------------------+-------+-------+-------+-------+-------++-------
  Melee: Unarmed           |     3 |       |       |       |       ||     3
         Dagger            |     3 |       |       |   200 |   156 ||   359
         Constrict         |     2 |     6 |    13 |    32 |    31 ||    84
         Tentacles         |     1 |     4 |    14 |    88 |    61 ||   168
         Short sword       |     5 |    23 |    44 |    11 |       ||    83
         Pseudopods        |       |     5 |    12 |    83 |    37 ||   137
         Punch             |       |       |     1 |     7 |     3 ||    11
         Quarterstaff      |       |       |       |    53 |    24 ||    77
         Kick              |       |       |       |    73 |    94 ||   167
         Bite              |       |       |       |       |    23 ||    23
   Cast: Sandblast         |    55 |    57 |    71 |    43 |    86 ||   312
         Petrify           |       |     3 |    12 |    70 |    39 ||   124
         Stone Arrow       |       |     2 |     9 |    18 |   196 ||   225
         Mephitic Cloud    |       |       |     2 |    23 |    71 ||    96
         Passwall          |       |       |       |     1 |       ||     1
         Ignite Poison     |       |       |       |    10 |    50 ||    60
         Irradiate         |       |       |       |       |     1 ||     1
 Invoke: Slimify           |       |       |     1 |     2 |     1 ||     4
    Use: Scroll            |       |     3 |       |       |    13 ||    16
         Potion            |       |     1 |       |     1 |     1 ||     3
   Stab: Sleeping          |     2 |     2 |     4 |    12 |     7 ||    27
         Petrified         |       |     4 |    12 |    81 |    27 ||   124
         Petrifying        |       |       |     4 |    15 |     7 ||    26
         Confused          |       |       |       |     7 |     5 ||    12
 Armour: Skin              |    10 |    23 |    39 |   200 |   310 ||   582
  Dodge: Dodged            |    13 |    30 |    37 |   149 |   326 ||   555
  Block: Kite shield       |       |       |       |       |    33 ||    33
